 Dungeon Crawl Stone Soup version 0.27.1-34-g3ba077fa99 (webtiles) character file.

Game seed: 5864332292312459973

90422 KittyFluff the Basher (level 16, -2/150 HPs)
             Began as a Gargoyle Berserker on Jan 23, 2022.
             Was a High Priest of Trog.
             Slain by a boulder beetle (19 damage)
             ... on level 15 of the Dungeon on Jan 24, 2022.
             The game lasted 02:20:00 (26721 turns).

KittyFluff the Basher (Gargoyle Berserker)         Turns: 26721, Time: 02:20:01

Health: -2/150     AC: 29    Str: 33    XL:     16   Next: 0%
Magic:  0/8        EV: 14    Int:  9    God:    Trog [*****.]
Gold:   883        SH:  7    Dex: 14    Spells: 15/15 levels left

rFire    + . .     SeeInvis .   Z - +11 demon whip "Ziun" {antimagic, Str+7 Stlth+}
rCold    + + +     Faith    .   w - +0 buckler
rNeg     + . .     Spirit   +   c - +3 scale mail {rC+}
rPois    ∞         Reflect  .   p - +0 helmet
rElec    +         Harm     .   j - scarf {rC+ rF+}
rCorr    .         Rampage  .   o - +0 pair of gloves
Will     +++..                  A - +0 pair of boots "Ileg" {rElec Regen+}
Stlth    ..........             y - amulet of Yzim {Spirit +Blink MP+9 Str+4}
HPRegen  2.35/turn              J - ring of protection from cold
MPRegen  0.11/turn              (no ring)

@: berserking, strong-willed, flying, regenerating, studying 2 skills, very
quick
A: sickness immunity, AC +12, big wings, negative energy resistance 1,
electricity resistance, torment resistance 1, petrification resistance
a: Renounce Religion, Evoke Blink, Berserk, Trog's Hand, Brothers in Arms


You were on level 15 of the Dungeon.
You worshipped Trog.
Trog was extremely pleased with you.
You visited 2 branches of the dungeon, and saw 21 of its levels.

You collected 1550 gold pieces.
You spent 667 gold pieces at shops.

Inventory:

Hand Weapons
 g - a +1 morningstar
 n - the +8 dire flail of the Baking Blowfly {vamp, rPois rN+ Will+ Str-4}
   (You found it on level 9 of the Dungeon)

   It occasionally heals its wielder for a portion of the damage dealt when it
   wounds a living foe.
   Str:       It affects your strength (-4).
   rPois:     It protects you from poison.
   rN:        It protects you from negative energy.
   Will:      It increases your willpower.
 K - the +8 mace of the Pharaoh's Fist {freeze, rN+ Str+4}
   (You found it on level 7 of the Dungeon)

   It freezes those it strikes, dealing additional cold damage.
   It can also slow down cold-blooded creatures.
   Str:       It affects your strength (+4).
   rN:        It protects you from negative energy.
 M - a +1 great mace of flaming
 Z - the +11 demon whip "Ziun" (weapon) {antimagic, Str+7 Stlth+}
   (Trog gifted it to you on level 6 of the Lair of Beasts)

   It reduces the magical energy of the wielder, and disrupts the spells and
   magical abilities of those it strikes.
   Natural abilities and divine invocations are not affected.
   Str:       It affects your strength (+7).
   Stlth:     It makes you more stealthy.
Missiles
 b - 5 curare-tipped darts
 d - 124 sling bullets
 r - 10 boomerangs (quivered)
 s - 125 poisoned darts
 t - 14 javelins
 v - 157 bolts
 z - 3 atropa-tipped darts
Armour
 c - a +3 scale mail of cold resistance (worn)
 j - a scarf of resistance (worn)
 o - a +0 pair of gloves (worn)
 p - a +0 helmet (worn)
 q - a +0 kite shield
 w - a +0 buckler (worn)
 x - a +0 pair of boots of stealth
 A - the +0 pair of boots "Ileg" (worn) {rElec Regen+}
   (You bought it in a shop on level 14 of the Dungeon)

   rElec:     It insulates you from electricity.
   Regen:     It increases your rate of health regeneration.
 B - a +0 tower shield
 D - the +3 scale mail of Duceir {-Tele Dex+7}
   (You found it on level 7 of the Dungeon)

   Dex:       It affects your dexterity (+7).
   -Tele:     It prevents most forms of teleportation.
 I - a scarf of invisibility
 W - +0 fire dragon scales
Jewellery
 f - a ring of protection from fire
 y - the amulet of Yzim (around neck) {Spirit +Blink MP+9 Str+4}
   (You acquired it on level 2 of the Lair of Beasts)

   [amulet of guardian spirit]

   It causes incoming damage to be divided between your reserves of health and
   magic.
   Str:       It affects your strength (+4).
   MP:        It affects your magic capacity (+9).
   +Blink:    It lets you blink.
 J - a ring of protection from cold (left hand)
Wands
 u - a wand of charming (16)
 C - a wand of polymorph (29)
 E - a wand of paralysis (6)
 H - a wand of flame (62)
 N - a wand of mindburst (11)
 O - a wand of acid (13)
 S - a wand of digging (7)
Scrolls
 a - 6 scrolls of teleportation
 e - 5 scrolls of magic mapping
 i - a scroll of fear
 k - a scroll of enchant armour
 G - a scroll of brand weapon
 L - 3 scrolls of enchant weapon
 P - 4 scrolls of fog
 Q - a scroll of immolation
 R - 4 scrolls of torment
 U - a scroll of blinking
Potions
 h - 5 potions of curing
 l - 5 potions of lignification
 m - 5 potions of cancellation
 F - a potion of haste {unknown}
 T - a potion of heal wounds
 V - 4 potions of resistance
 X - 5 potions of invisibility
 Y - 3 potions of might


   Skills:
 + Level 11.0 Fighting
 + Level 13.8 Maces & Flails
 + Level 2.4(4.1) Slings
 + Level 5.1(5.4) Throwing
 * Level 13.0 Armour
 + Level 8.2 Dodging
 + Level 6.1 Stealth
 * Level 13.6 Shields
 * Level 7.2 Evocations


You had 15 spell levels left.
You didn't know any spells.
Your spell library contained the following spells:

 Spells                   Type           Power      Damage    Failure   Level
 Animate Skeleton         Necr           0%         N/A       56%         1
 Apportation              Tloc           0%         N/A       56%         1
 Corona                   Hex            0%         N/A       56%         1
 Sandblast                Erth           0%         2d4       56%         1
 Summon Small Mammal      Summ           0%         N/A       56%         1
 Passwall                 Tmut/Erth      0%         N/A       71%         2
 Lee's Rapid Deconstruct  Erth           0%         3d5*      100%        5


Dungeon Overview and Level Annotations

Branches:
Dungeon (15/15)            Temple (0/1) D:5            Lair (6/6) D:8
  Swamp (0/4) Lair:4       Spider (0/4) Lair:2        Slime (0/5) Lair:6
    Orc (0/2) D:9          Vaults (0/5) D:14
 Depths: D:15

Altars:
Cheibriados
Nemelex Xobeh
Okawaru
Qazlal
Ru
Sif Muna
Trog
Wu Jian
Xom

Shops:
D:14 (?[


Innate Abilities, Weirdness & Mutations

You are immune to sickness and miasma.
Your stone body is resilient. (AC +12)
You are immune to poison.
Your large and strong wings let you fly.
You resist negative energy. (rN+)
You are resistant to electric shocks. (rElec)
You are resistant to unholy torment.
You are immune to petrification.


Message History

The boulder beetle closely misses you.
The boulder beetle stops rolling and uncurls.
The slime creature hits you but does no damage.
You whack the death knight!
The death knight is moderately wounded.
You block the death knight's attack.
You whack the death knight!
The death knight is heavily wounded.
The boulder beetle bites you!
* * * LOW HITPOINT WARNING * * *
The slime creature hits you but does no damage.
A red film seems to cover your vision as you go berserk!
You feel yourself moving faster!
You feel mighty! The death knight barely misses you.
The boulder beetle bites you but does no damage.
The slime creature hits you.
* * * LOW HITPOINT WARNING * * *
You barely miss the death knight.
The death knight is heavily wounded.
The death knight hits you with a +0 halberd!
* * * LOW HITPOINT WARNING * * *
You whack the death knight!
The death knight is heavily wounded.
You whack the death knight!
The death knight is severely wounded.
The boulder beetle bites you.
* * * LOW HITPOINT WARNING * * *
The slime creature completely misses you.
You punish the death knight, causing immense pain!!!
You feel the power of Trog in you as your rage grows.
You kill the death knight!
Trog accepts your kill.
You have reached level 16!
You feel stronger.
You thrash the slime creature!!
The slime creature is heavily wounded.
You thrash the slime creature!!
The slime creature is almost dead.
The boulder beetle bites you!!
You die...

#.....<..#
###..<.<.#
#.......#
###..#..# #......#
#..#.#.# ##
#......####.####
##..#..##.)....#
##......##@#...
##...#.#.#BJ#.#
#........##...#
#..##.#..##......#
##.......##.#.#.##
#...#.#.###+#+ #
##......# #...#..#
#......#


You could see a boulder beetle and a slime creature.

Vanquished Creatures
  The ghost of Destinykillz the Grappler, a journeyman TrFi of the Shining One (Lair:6)
  A dire elephant (Lair:5)
  Nessos (D:13)
  A fire dragon (D:15)
  2 boulder beetles
  2 ogre magi (D:15)
  12 hydras
  The ghost of zeram the Cleaver, a journeyman HOFi of Gozag (D:8)
  2 dancing weapons (D:14)
  9 two-headed ogres
  A death knight (D:15)
  4 death yaks (Lair:3)
  The ghost of Fractals the Blocker, a novice OpBe of Trog (D:7)
  Sonja (Lair:1)
  5 skeletal warriors (D:14)
  Pikel (D:7)
  5 oklob plants
  A deep elf pyromancer (D:12)
  6 cyclopes
  A manticore (D:15)
  Joseph (D:7)
  5 black mambas
  28 elephants
  A torpor snail (Lair:5)
  A gargoyle (D:11)
  11 cane toads
  An unseen horror (D:12)
  Psyche (D:10)
  6 komodo dragons
  3 freezing wraiths
  A jumping spider (shapeshifter) (D:13)
  3 trolls
  8 hornets
  3 slime creatures (D:10)
  27 blink frogs
  9 polar bears
  Grinder (D:6)
  A dream sheep (Lair:6)
  15 spriggans
  2 vampires
  A shadow (D:5)
  6 wyverns
  2 redbacks (Lair:2)
  49 yaks
  11 basilisks
  Grum (D:10)
  13 vampire mosquitoes
  Menkaure (D:6)
  18 water moccasins
  12 black bears
  11 orc warriors
  A swamp drake (Lair:2)
  2 sky beasts
  6 ice beasts
  A hornet zombie (D:5)
  5 ogres
  27 wolves
  4 boggarts (Lair:6)
  12 centaurs
  2 phantoms
  2 kobold brigands (D:9)
  8 bullfrogs
  2 scorpions
  A wyvern skeleton (D:6)
  A water moccasin skeleton (D:5)
  7 wights
  9 killer bees
  2 electric eels (Lair:3)
  3 jellies
  3 centaur zombies (D:8)
  2 centaur skeletons
  4 hounds
  2 gnoll shamans
  10 orc priests
  Crazy Yiuf (D:7)
  A bullfrog skeleton (D:7)
  Ijyb (D:3)
  An iguana (D:7)
  16 orc wizards
  A killer bee zombie (D:7)
  A hound skeleton (D:5)
  7 gnolls
  6 adders
  6 white imps
  2 ufetubi
  2 adder skeletons (D:4)
  2 worms (D:2)
  A dart slug (D:5)
  32 orcs
  7 endoplasms
  5 giant cockroaches
  6 goblins
  4 hobgoblins
  3 jackals (D:1)
  7 kobolds
  2 quokkas
  6 ball pythons
  5 bats
  4 frilled lizards
  3 rats
559 creatures vanquished.

Vanquished Creatures (collateral kills)
  A two-headed ogre (D:15)
  A hornet (Lair:6)
  A blink frog (Lair:6)
  2 spriggans (Lair:6)
  3 wolves (Lair:6)
8 creatures vanquished.

Vanquished Creatures (others)
  An ugly thing (D:13)
  A bush (D:8)
  139 fungi
  197 plants
338 creatures vanquished.

Grand Total: 905 creatures vanquished

Notes
Turn   | Place    | Note
-------+----------+-------------------------------------------
     0 | D:1      | KittyFluff the Gargoyle Berserker began the quest for the
                  | Orb.
     0 | D:1      | Reached XP level 1. HP: 14/14 MP: 1/1
   414 | D:1      | Reached XP level 2. HP: 18/19 MP: 2/2
   575 | D:1      | Found a faded altar of an unknown god.
   817 | D:1      | Reached XP level 3. HP: 24/24 MP: 3/3
  1419 | D:2      | Reached XP level 4. HP: 28/29 MP: 4/4
  1645 | D:3      | Noticed Ijyb
  1648 | D:3      | Paralysed by Ijyb for 2 turns
  1652 | D:3      | Paralysed by Ijyb for 3 turns
  1660 | D:3      | Killed Ijyb
  1793 | D:3      | Found a snail-covered altar of Cheibriados.
  1865 | D:3      | Found a stormy altar of Qazlal.
  1889 | D:3      | Reached ** piety under Trog
  1990 | D:3      | Reached XP level 5. HP: 33/33 MP: 5/5
  2357 | D:4      | Noticed a black bear
  2372 | D:4      | Killed a black bear
  2373 | D:4      | Reached skill level 5 in Maces & Flails
  2373 | D:4      | Reached skill level 1 in Shields
  2373 | D:4      | Reached XP level 6. HP: 32/38 MP: 6/6
  2759 | D:4      | Noticed a black bear
  2793 | D:4      | Killed a black bear
  2794 | D:4      | Reached XP level 7. HP: 31/43 MP: 7/7
  3115 | D:5      | Entered Level 5 of the Dungeon
  3230 | D:5      | Found a staircase to the Ecumenical Temple.
  3999 | D:5      | Noticed a shadow
  4007 | D:5      | Killed a shadow
  4008 | D:5      | Reached XP level 8. HP: 48/48 MP: 8/8
  4438 | D:5      | Reached *** piety under Trog
  4514 | D:5      | Reached skill level 1 in Stealth
  4644 | D:5      | Found an iron altar of Okawaru.
  4753 | D:6      | Found a bloodstained altar of Trog.
  4888 | D:6      | Reached skill level 5 in Armour
  4920 | D:6      | Reached skill level 5 in Fighting
  5017 | D:6      | Reached XP level 9. HP: 12/54 MP: 9/9
  5587 | D:6      | Noticed Menkaure
  5605 | D:6      | Killed Menkaure
  5722 | D:6      | Identified a scroll of acquirement
  5723 | D:6      | Acquired a +0 pair of boots of stealth
  5746 | D:6      | Noticed Grinder
  5748 | D:6      | Paralysed by Grinder for 7 turns
  5759 | D:6      | Killed Grinder
  6000 | D:7      | Found a runed translucent door.
  6001 | D:7      | Noticed Crazy Yiuf
  6007 | D:7      | Killed Crazy Yiuf
  6015 | D:7      | Identified the +8 mace of the Pharaoh's Fist {freeze, rN+
                  | Str+4}
  6120 | D:7      | Noticed Fractals's ghost (novice OpBe)
  6143 | D:7      | Found a transporter.
  6153 | D:7      | Found a transporter.
  6174 | D:7      | Reached skill level 5 in Shields
  6361 | D:7      | Noticed Pikel
  6381 | D:7      | Killed Pikel
  6382 | D:7      | Reached skill level 1 in Throwing
  6382 | D:7      | Reached skill level 5 in Dodging
  6382 | D:7      | Noticed Joseph
  6560 | D:7      | Found a shimmering altar of Xom.
  6648 | D:7      | Reached XP level 10. HP: 60/60 MP: 10/10
  6769 | D:7      | Killed Joseph
  7178 | D:7      | Killed Fractals's ghost
  7178 | D:7      | Reached **** piety under Trog
  7279 | D:7      | Identified the +3 scale mail of Duceir {-Tele Dex+7}
  7318 | D:8      | Found a sacrificial altar of Ru.
  7800 | D:8      | Found a runed translucent door.
  7802 | D:8      | Noticed a cyclops
  7803 | D:8      | Noticed zeram's ghost (journeyman HOFi)
  8287 | D:8      | Reached XP level 11. HP: 20/66 MP: 11/11
  8555 | D:8      | Found a staircase to the Lair.
  9123 | D:8      | Killed a cyclops
  9145 | D:8      | Killed zeram's ghost
  9520 | D:9      | Identified the +8 dire flail of the Baking Blowfly {vamp,
                  | rPois rN+ Will+ Str-4}
  9575 | D:9      | Reached skill level 10 in Maces & Flails
 10793 | D:9      | Reached ***** piety under Trog
 11010 | D:9      | Found a staircase to the Orcish Mines.
 11140 | D:10     | Entered Level 10 of the Dungeon
 11351 | D:10     | Noticed Grum
 11375 | D:10     | Killed Grum
 11793 | D:10     | Reached XP level 12. HP: 34/73 MP: 12/12
 12255 | D:10     | Noticed Psyche
 12267 | D:10     | Killed Psyche
 12447 | D:10     | Noticed a five-headed hydra
 12459 | D:10     | Killed a five-headed hydra
 12695 | Lair:1   | Entered Level 1 of the Lair of Beasts
 12716 | Lair:1   | Noticed Sonja
 12732 | Lair:1   | Killed Sonja
 12896 | Lair:1   | You fall into a shaft and drop 1 floor!
 12902 | Lair:1   | Found a sparkling altar of Nemelex Xobeh.
 13931 | Lair:2   | Reached skill level 10 in Armour
 13947 | Lair:2   | Reached skill level 10 in Shields
 14072 | Lair:2   | Received a gift from Trog
 14108 | Lair:2   | Reached skill level 5 in Stealth
 14328 | Lair:2   | Found a hole to the Spider Nest.
 14601 | Lair:2   | Acquired the amulet of Yzim {Spirit +Blink MP+9 Str+4}
 14933 | Lair:3   | Reached skill level 1 in Evocations
 15064 | Lair:3   | Reached XP level 13. HP: 14/79 MP: 2/13
 16265 | Lair:3   | Reached skill level 1 in Slings
 16290 | Lair:3   | Identified the +8 hand axe of Yeast {vamp, Fly rF- rCorr}
 17228 | Lair:4   | Found a staircase to the Swamp.
 18562 | Lair:5   | Noticed a dire elephant
 18586 | Lair:5   | Killed a dire elephant
 18587 | Lair:5   | Gained mutation: Your large and strong wings let you fly.
                  | [Gargoyle growth]
 18587 | Lair:5   | Reached XP level 14. HP: 52/86 MP: 11/14
 19220 | Lair:6   | Entered Level 6 of the Lair of Beasts
 19325 | Lair:5   | Received a gift from Trog
 19686 | Lair:6   | Reached skill level 5 in Evocations
 20990 | Lair:6   | Reached skill level 10 in Fighting
 21095 | Lair:6   | Identified the +11 demon whip "Ziun" {antimagic, Str+7
                  | Stlth+} (Trog gifted it to you on level 6 of the Lair of
                  | Beasts)
 21095 | Lair:6   | Received a gift from Trog
 21186 | Lair:6   | Reached XP level 15. HP: 89/92 MP: 8/15
 21279 | Lair:6   | Reached ****** piety under Trog
 21448 | Lair:6   | Found a staircase to the Slime Pits.
 21612 | Lair:6   | Found a runed translucent door.
 21682 | Lair:6   | Identified the +9 trident of Dithmenos's Pride {chaos,
                  | +Blink rC+++ Int-2 Dex+5}
 21686 | Lair:6   | Noticed Destinykillz's ghost (journeyman TrFi)
 21851 | Lair:6   | Killed Destinykillz's ghost
 22477 | Lair:6   | Found an ornate altar of the Wu Jian Council.
 23601 | D:12     | Found a shimmering blue altar of Sif Muna.
 24374 | D:13     | Noticed Nessos
 24404 | D:13     | Killed Nessos
 24853 | D:13     | Received a gift from Trog
 25354 | D:14     | Found Qutez's Armour Boutique.
 25434 | D:14     | Bought a +3 scale mail of cold resistance for 390 gold
                  | pieces
 25447 | D:14     | Bought the +0 pair of boots "Ileg" {rElec Regen+} for 277
                  | gold pieces
 25760 | D:14     | Found a gate to the Vaults.
 25774 | D:14     | Reached skill level 5 in Throwing
 25957 | D:14     | Found Iqatto's Antique Weapon Shoppe.
 26269 | D:14     | Found Cudya's Magic Scroll Boutique.
 26375 | D:15     | Entered Level 15 of the Dungeon
 26720 | D:15     | Reached XP level 16. HP: 15/100 MP: 1/16
 26721 | D:15     | Slain by a boulder beetle

Illustrated notes

Levels and vault maps discovered:
D:1:      lordsloth_arrival_two_stooges, layout_basic,
          hellmonk_ecumenical_altar_pennies_from_heaven,
          minmay_misc_feat_nine_boxes, minmay_domino_2
D:2:      layout_rooms
D:3:      layout_rooms, lemuel_tele_altar, mainiacjoe_overflow_catwalk,
          kennysheep_potato, uniq_ijyb
D:4:      layout_rooms, kennysheep_generic_room_6
D:5:      layout_loops_cross, kennysheep_okawaru_gauntlet,
          minmay_temple_entry_tees
D:6:      layout_basic, mainiacjoe_overflow_concentric_impassable, uniq_grinder,
          uniq_menkaure
D:7:      layout_cave_pools, mainiacjoe_overflow_six_doors_small,
          gammafunk_ghost_arena, chequers_serial_rivers_room_b,
          minmay_fractal_squares_5, uniq_pikel, uniq_crazy_yiuf_cottage,
          uniq_joseph
D:8:      nicolae_whirlpool, layout_rooms, nicolae_overflow_crystal_walls,
          minmay_lair_entry_grove, ebering_ghost_inner_flame,
          wad_rectangle_vault
D:9:      layout_roguey, erik_orc_2, kennysheep_generic_room_10
D:10:     layout_stronghold, uniq_psyche, uniq_grum
D:11:     layout_loops_ring
D:12:     layout_long_grid, kennysheep_orc_sif_temple
D:13:     layout_loops_ring, hangedman_decor_slide_cut, uniq_nessos
D:14:     layout_layer_cave, erik_vaults_1, serial_shops,
          nicolae_shop_waterfront, shop, shop, chequers_jeans
D:15:     hangedman_slaughterboxes, serial_shops
Lair:1:   layout_loops_ring, basic_altar, uniq_sonja
Lair:2:   layout_long_grid, spider_nest_entry_webs, st_stairs_6, pond,
          lemuel_fruit_tree
Lair:3:   beast_lair_carwin_large_1, layout_loops_ring,
          minmay_lair_oklob_chamber, serial_bayou_shore_a
Lair:4:   layout_small_grid, swamp_mist_pool, columned_hall_lemuel
Lair:5:   mu_elephants_graveyard, layout_cave_pods, serial_bayou_lagoon_a
Lair:6:   minmay_lair_end_enchanted_forest, layout_concentric_octagons,
          slime_dummy, basic_altar, ebering_ghost_funeral_grove,
          grunt_megastairs_5

Skill      XL: |  1  2  3  4  5  6  7  8  9 10 11 12 13 14 15 |
---------------+----------------------------------------------+-----
Dodging        | 2 3 4 5 6 7 8 |  8.2
Maces & Flails | 4 5 6 7 8 9 10 11 12 13 | 13.8
Shields        | 1 2 3 4 5 7 8 10 11 12 13 | 13.6
Armour         | 3 4 5 6 7 9 10 11 12 13 | 13.0
Fighting       | 4 5 6 7 8 9 10 11 | 11.0
Stealth        | 1 2 4 5 6 |  6.1
Throwing       | 1 3 4 5 |  5.1
Evocations     | 2 4 5 7 |  7.2
Slings         | 1 2 |  2.4

Action                   |  1- 3 |  4- 6 |  7- 9 | 10-12 | 13-15 | 16-18 || total
-------------------------+-------+-------+-------+-------+-------+-------++-------
Melee: Mace              |    93 |   118 |   273 |   639 |   782 |       ||  1905
       Demon whip        |       |       |       |       |   438 |     2 ||   440
 Fire: Hunting sling     |       |       |       |       |   110 |       ||   110
Throw: Boomerang         |       |     4 |     7 |    51 |    93 |       ||   155
Invok: Berserk           |       |     1 |     8 |    14 |    16 |       ||    39
       Trog's Hand       |       |       |       |       |     3 |       ||     3
       Brothers in Arms  |       |       |       |       |     2 |       ||     2
 Abil: Evoke Blink       |       |       |       |       |     1 |       ||     1
  Use: Scroll            |       |       |    10 |    11 |     5 |       ||    26
       Potion            |       |       |       |     1 |       |       ||     1
 Stab: Sleeping          |       |       |     2 |     6 |     7 |       ||    15
       Distracted        |       |       |       |       |     3 |       ||     3
Armor: Robe              |    35 |    83 |   128 |   137 |       |       ||   383
       Scale mail        |       |       |       |   128 |   381 |       ||   509
       Troll leather arm |       |       |       |       |   188 |       ||   188
Dodge: Dodged            |    71 |    60 |   143 |   391 |   633 |       ||  1298
Block: Kite shield       |       |    16 |       |       |       |       ||    16
       Buckler           |       |    21 |    49 |   221 |   396 |       ||   687
